 Dungeon Crawl Stone Soup version 0.21.0-25-ge575cb9 (webtiles) character file.

13549 tilp the Destroyer (level 11, -8/97 HPs)
             Began as a Yellow Draconian Conjurer on Jan 24, 2018.
             Was an Elder of Vehumet.
             Mangled by a six-headed hydra (9 damage)
             ... on level 11 of the Dungeon.
             The game lasted 00:54:44 (17916 turns).

tilp the Destroyer (Yellow Draconian Conjurer)     Turns: 17916, Time: 00:54:44

Health: -8/97      AC: 12    Str: 12    XL:     11   Next: 77%
Magic:  9/20       EV: 15    Int: 22    God:    Vehumet [****..]
Gold:   264        SH:  7    Dex: 12    Spells: 6/22 levels left

rFire    . . .     SeeInvis .   W - +4 scimitar (flame)
rCold    . . .     Gourm    .   F - +0 buckler
rNeg     . . .     Faith    .   (armour unavailable)
rPois    .         Spirit   .   (helmet restricted)
rElec    .         Reflect  +   u - +0 cloak "Seeblock" {Str+2}
rCorr    +         Harm     .   R - +1 pair of gloves
MR       .....                  S - +1 pair of boots
Stlth    +++.......             l - +2 amulet of reflection
HPRegen  0.26/turn              w - +3 ring of intelligence
MPRegen  0.17/turn              c - +2 ring of slaying

@: short of breath
A: spit acid, acid resistance, unfitting armour, cold-blooded, AC +7
a: Breathe Acid, Renounce Religion


You were on level 11 of the Dungeon.
You worshipped Vehumet.
Vehumet was greatly pleased with you.
You were not hungry.

You visited 2 branches of the dungeon, and saw 12 of its levels.
You also visited: Ossuary.

You collected 972 gold pieces.
You spent 708 gold pieces at shops.

Inventory:

Hand Weapons
 t - a cursed +2 dire flail
 L - a +2 dagger of electrocution
 W - a +4 scimitar of flaming (weapon)
 Z - a +3 great mace
Missiles
 Q - 17 tomahawks
 T - 9 javelins (quivered)
Armour
 q - a scarf of repulsion
 u - the +0 cloak "Seeblock" (worn) {Str+2}
   (You bought it in a shop on level 4 of the Dungeon)

   It affects your strength (+2).
 F - a +0 buckler (worn)
 R - a +1 pair of gloves (worn)
 S - a +1 pair of boots (worn)
Magical Staves
 N - an uncursed staff of wizardry
Jewellery
 c - a +2 ring of slaying (right hand)
 l - a +2 amulet of reflection (around neck)
 w - a +3 ring of intelligence (left hand)
 D - an uncursed ring of flight
Wands
 y - a wand of iceblast (9)
 G - a wand of acid (2)
 M - a wand of paralysis (11)
 V - a wand of scattershot (8)
Scrolls
 d - 12 scrolls of teleportation
 e - 5 scrolls of immolation
 f - 4 scrolls of fog
 h - 8 scrolls of remove curse
 j - 2 scrolls of magic mapping
 n - 4 scrolls of enchant weapon
 s - 5 scrolls of amnesia
 x - 2 scrolls of blinking
 B - 2 scrolls of torment
 U - a scroll of vulnerability
Potions
 g - 2 potions of haste
 k - 4 potions of agility
 m - 2 potions of magic
 o - a potion of flight
 p - 3 potions of brilliance
 r - 4 potions of curing
 z - a potion of heal wounds
 A - 3 potions of mutation
 H - 2 potions of invisibility
 J - a potion of cancellation {unknown}
 Y - 2 potions of lignification
Books
 a - a book of Conjurations

   Spells                             Type                      Level
   a - Magic Dart                     Conjuration                  1
   b - Searing Ray                    Conjuration                  2
   c - Dazzling Spray                 Conjuration/Hexes            3
   d - Fulminant Prism                Conjuration/Hexes            4
   e - Force Lance                    Conjuration/Translocation    4
   f - Iskenderun's Mystic Blast      Conjuration                  4
 K - a book of Cantrips

   Spells                             Type                      Level
   a - Confusing Touch                Hexes                        1
   b - Animate Skeleton               Necromancy                   1
   c - Summon Small Mammal            Summoning                    1
   d - Apportation                    Translocation                1
Comestibles
 b - 20 rations
 i - 14 chunks of flesh


   Skills:
 + Level 9.0 Fighting
 - Level 4.0(4.5) Short Blades
 - Level 3.2(4.2) Long Blades
 - Level 6.0 Dodging
 - Level 4.3 Stealth
 - Level 4.0 Shields
 - Level 6.0 Spellcasting
 - Level 12.2 Conjurations
 - Level 4.0 Evocations


You had 6 spell levels left.
You knew the following spells:

 Your Spells              Type           Power        Failure   Level  Hunger
a - Magic Dart            Conj           ####         1%          1    None
b - Searing Ray           Conj           ######       1%          2    None
c - Iskenderun's Mystic   Conj           ######..     1%          4    ###....
d - Fulminant Prism       Conj/Hex       ####......   2%          4    ###....
e - Lightning Bolt        Conj/Air       ####......   5%          5    #####..


Dungeon Overview and Level Annotations

Branches:
Dungeon (11/15)            Temple (1/1) D:4            Lair (0/6) D:9
    Orc: D:9-12

Altars:
Ashenzari
Cheibriados
Dithmenos
Elyvilon
Fedhas
Gozag
Hepliaklqana
Kikubaaqudgha
Makhleb
Nemelex Xobeh
Okawaru
Qazlal
Ru
Sif Muna
Trog
Uskayaw
Vehumet
Wu Jian
Xom
Yredelemnul
Zin
The Shining One

Shops:
D:4 [   D:8 =   D:9 (   D:10 =(   D:11 [

Annotations:
D:8 exclusion: downstairs
D:9 Erolcha; Joseph
D:10 Moloch's ghost, journeyman HOFi


Innate Abilities, Weirdness & Mutations

You can spit globs of acid.
You are resistant to acid.
Your golden yellow scales are hard. (AC +7)
You cannot fit into any form of body armour.
You are cold-blooded and may be slowed by cold attacks.


Message History

The searing ray hits the six-headed hydra.
The six-headed hydra is almost dead. (Press . to maintain the ray.)
The six-headed hydra bites you.
You block the six-headed hydra's attack. x2
The six-headed hydra bites you! The six-headed hydra bites you.
The six-headed hydra bites you!
* * * LOW HITPOINT WARNING * * *
The searing ray misses the six-headed hydra.
The searing ray hits the yak.
The yak is moderately wounded.
The six-headed hydra bites you.
* * * LOW HITPOINT WARNING * * *
The six-headed hydra misses you. The six-headed hydra bites you!
* * * LOW HITPOINT WARNING * * *
The six-headed hydra bites you!
* * * LOW HITPOINT WARNING * * *
The six-headed hydra closely misses you.
The six-headed hydra bites you!
You die...

########
######......####.#
#..........@DY...#
#...........######
#.....#######
#.....# #.....#
#..รท..# ###'###
#.# #)#


You could see a six-headed hydra and a yak.

Vanquished Creatures
  5 two-headed ogres
  Urug (D:10)
  An orc knight (D:10)
  A cyclops (D:11)
  A merfolk (D:9)
  2 trolls (D:11)
  The ghost of Agrougrou the Insei, an amateur OpTm of Makhleb (D:4)
  9 yaks (D:11)
  3 wargs (D:9)
  6 orc warriors
  2 ice beasts
  4 sky beasts
  2 black bears (D:10)
  A necrophage (D:11)
  3 centaurs
  5 ogres
  3 phantoms
  A big kobold (D:11)
  6 bullfrogs
  A gnoll sergeant (D:8)
  An elf skeleton (D:8)
  A water moccasin skeleton (D:8)
  A wyvern skeleton (D:11)
  4 scorpions
  9 wights
  6 killer bees
  A howler monkey (D:4)
  5 crimson imps
  A bullfrog zombie (D:7)
  7 hounds
  2 bullfrog skeletons
  5 human zombies (D:8)
  3 quasits
  7 orc priests
  A human skeleton (D:8)
  14 orc wizards
  3 iguanas
  Ijyb (D:5)
  7 worker ants
  3 hound skeletons
  17 mummies
  A worker ant zombie (D:9)
  11 gnolls
  8 adders
  3 shadow imps
  3 oozes
  2 adder zombies
  6 worms
  2 dart slugs
  7 leopard geckos
  49 orcs
  3 giant cockroaches
  11 goblins
  14 hobgoblins
  11 jackals
  2 quokkas
  3 ball pythons (D:3)
  7 bats
  2 frilled lizards
  3 gnoll skeletons (Ossuary)
  A goblin skeleton (Ossuary)
  A hobgoblin zombie (D:5)
  A jackal skeleton (D:7)
  11 kobolds
  A kobold skeleton (Ossuary)
  2 leopard gecko skeletons
  A leopard gecko zombie (D:7)
  3 orc skeletons (Ossuary)
  An orc zombie (D:5)
  2 quokka skeletons
  7 rats
  11 rat skeletons (Ossuary)
347 creatures vanquished.

Vanquished Creatures (others)
  A cyclops (D:11)
  8 fulminant prisms
9 creatures vanquished.

Grand Total: 356 creatures vanquished

Notes
Turn   | Place    | Note
-------+----------+-------------------------------------------
     0 | D:1      | tilp the Draconian Conjurer began the quest for the Orb.
     0 | D:1      | Reached XP level 1. HP: 14/14 MP: 3/3
   381 | D:1      | Reached XP level 2. HP: 19/20 MP: 0/5
   831 | D:1      | Learned a level 2 spell: Searing Ray
  1137 | D:2      | Noticed a crimson imp
  1141 | D:2      | Reached skill level 5 in Conjurations
  1141 | D:2      | Reached XP level 3. HP: 26/26 MP: 2/6
  1688 | D:2      | Reached XP level 4. HP: 33/33 MP: 7/7
  1850 | D:3      | Found an ancient bone altar of Kikubaaqudgha.
  2309 | D:3      | Reached skill level 6 in Conjurations
  2528 | D:3      | Found a hide-covered altar of Uskayaw.
  3408 | D:4      | Found Rotuenlu's Antique Armour Shoppe.
  3505 | D:4      | Reached XP level 5. HP: 33/38 MP: 6/8
  3571 | D:4      | Noticed Agrougrou's ghost (amateur OpTm)
  3898 | D:4      | Bought a faintly humming cloak for 228 gold pieces
  3906 | D:4      | Identified the cursed +0 cloak "Seeblock" {Str+2} (You bought it in a shop on level 4 of the Dungeon)
  3911 | D:4      | Reached skill level 7 in Conjurations
  4019 | D:4      | Found a staircase to the Ecumenical Temple.
  4046 | Temple   | Entered the Ecumenical Temple
  4396 | D:4      | Reached skill level 1 in Fighting
  4406 | D:4      | Reached XP level 6. HP: 48/48 MP: 0/9
  5340 | D:5      | Entered Level 5 of the Dungeon
  5363 | D:5      | Found a sand-covered staircase.
  5398 | Ossuary  | Entered an ossuary
  5521 | Ossuary  | Your scales start taking on a golden yellow colour.
  5521 | Ossuary  | Reached XP level 7. HP: 60/60 MP: 3/10
  6501 | D:5      | Noticed Ijyb
  6539 | D:5      | Killed Ijyb
  6627 | D:5      | Found a radiant altar of Vehumet.
  6636 | D:5      | Became a worshipper of Vehumet
  7105 | D:5      | You fall through a shaft!
  7166 | D:6      | Reached XP level 8. HP: 67/67 MP: 6/13
  7477 | D:6      | Reached skill level 1 in Shields
  7986 | D:5      | Learned a level 4 spell: Iskenderun's Mystic Blast
  8046 | D:5      | Found a blossoming altar of Fedhas.
  8709 | D:7      | Learned a level 4 spell: Fulminant Prism
  9665 | D:7      | Found a sparkling altar of Nemelex Xobeh.
 10252 | D:8      | Noticed a two-headed ogre
 10626 | D:8      | Reached * piety under Vehumet
 10626 | D:8      | Offered knowledge of Freeze by Vehumet.
 10626 | D:8      | Reached skill level 8 in Conjurations
 10626 | D:8      | Reached XP level 9. HP: 72/72 MP: 15/15
 11517 | D:8      | Reached skill level 9 in Conjurations
 12099 | D:8      | Found Elekhiti's Jewellery Shoppe.
 12132 | D:8      | Killed a two-headed ogre
 12132 | D:8      | Reached skill level 10 in Conjurations
 12363 | D:8      | Noticed a two-headed ogre
 12528 | D:8      | Killed a two-headed ogre
 12528 | D:8      | Reached skill level 5 in Spellcasting
 12528 | D:8      | Reached XP level 10. HP: 51/80 MP: 4/18
 12843 | D:8      | Found a basalt altar of Yredelemnul.
 12918 | D:8      | Reached skill level 5 in Fighting
 13200 | D:9      | Found a bloodstained altar of Trog.
 13226 | D:9      | Offered knowledge of Sting by Vehumet.
 13294 | D:9      | Reached ** piety under Vehumet
 13415 | D:4      | Bought a pair of embroidered gloves for 180 gold pieces
 13415 | D:4      | Bought a pair of glowing boots for 180 gold pieces
 13446 | D:4      | Killed Agrougrou's ghost
 13515 | D:9      | Found a shimmering altar of Xom.
 13515 | D:9      | Noticed Joseph
 13557 | D:9      | Found Ynkihyh's Weapon Boutique.
 13745 | D:9      | Noticed Erolcha
 14049 | D:9      | Found a staircase to the Lair.
 14050 | D:9      | Noticed a two-headed ogre
 14061 | D:9      | Killed a two-headed ogre
 14674 | D:9      | Reached skill level 11 in Conjurations
 14695 | D:10     | Entered Level 10 of the Dungeon
 14701 | D:10     | Noticed Moloch's ghost (journeyman HOFi)
 15413 | D:10     | Offered knowledge of Inner Flame by Vehumet.
 15498 | D:10     | Noticed a two-headed ogre
 15512 | D:10     | Killed a two-headed ogre
 15512 | D:10     | Reached XP level 11. HP: 94/94 MP: 10/20
 15652 | D:10     | Noticed a two-headed ogre
 15665 | D:10     | Killed a two-headed ogre
 15665 | D:10     | Reached skill level 12 in Conjurations
 15681 | D:10     | Reached *** piety under Vehumet
 15824 | D:10     | Noticed Urug
 15966 | D:10     | Killed Urug
 15966 | D:10     | Reached skill level 5 in Dodging
 16166 | D:10     | Noticed an orc knight
 16173 | D:10     | Killed an orc knight
 16339 | D:10     | Found Qougu's Jewellery Emporium.
 16343 | D:10     | Bought a +2 amulet of reflection for 120 gold pieces
 16454 | D:10     | Found Kuysatu's Weapon Emporium.
 16572 | D:11     | Found Pedizea's Armour Shoppe.
 16784 | D:11     | Reached skill level 1 in Long Blades
 16976 | D:11     | Reached skill level 1 in Evocations
 16997 | D:11     | Offered knowledge of Static Discharge by Vehumet.
 17025 | D:11     | Identified a scroll of acquirement
 17598 | D:11     | Reached **** piety under Vehumet
 17732 | D:11     | Offered knowledge of Lightning Bolt by Vehumet.
 17888 | D:11     | Learned a level 5 spell: Lightning Bolt
 17909 | D:11     | Noticed a seven-headed hydra
 17916 | D:11     | HP: 1/97 [six-headed hydra (14)]
 17916 | D:11     | Mangled by a six-headed hydra

Skill      XL: |  1  2  3  4  5  6  7  8  9 10 11 |
---------------+----------------------------------+-----
Conjurations   | 5 6 7 8 10 11 12 | 12.2
Fighting       | 2 4 8 9 |  9.0
Dodging        | 2 4 6 |  6.0
Spellcasting   | 3 4 5 6 |  6.0
Shields        | 4 |  4.0
Stealth        | 4 |  4.3
Short Blades   | 4 |  4.0
Long Blades    | 3 |  3.2
Evocations     | 4 |  4.0

Action                   |  1- 3 |  4- 6 |  7- 9 | 10-12 || total
-------------------------+-------+-------+-------+-------++-------
Melee: Club              |    18 |       |       |       ||    18
       Unarmed           |     6 |       |       |       ||     6
       Tailslap          |    13 |     9 |    34 |    27 ||    83
       Dagger            |    30 |       |    13 |   197 ||   240
       Short sword       |    53 |   135 |   269 |       ||   457
       Scimitar          |       |       |       |    37 ||    37
 Cast: Magic Dart        |    41 |    24 |    21 |    22 ||   108
       Searing Ray       |     2 |    34 |    64 |    73 ||   173
       Fulminant Prism   |       |       |     5 |     3 ||     8
       Iskenderun's Myst |       |       |     4 |     1 ||     5
       Lightning Bolt    |       |       |       |     1 ||     1
 Abil: Breathe Acid      |       |       |     4 |    15 ||    19
Evoke: Wand              |       |       |     1 |       ||     1
  Use: Potion            |     2 |       |     6 |       ||     8
       Scroll            |       |     4 |     8 |    11 ||    23
 Stab: Sleeping          |     1 |     3 |     4 |     5 ||    13
       Distracted        |       |     1 |       |       ||     1
  Eat: Chunk             |     3 |    14 |    16 |    15 ||    48
       Ration            |       |       |     3 |     2 ||     5
Armor: Skin              |    33 |    30 |    76 |    94 ||   233
Dodge: Dodged            |    85 |    73 |   170 |   202 ||   530
Block: Buckler           |       |       |    20 |    68 ||    88
       Reflection        |       |       |       |     2 ||     2
       Rpst.: Scimitar   |       |       |       |    17 ||    17
